 Dungeon Crawl Stone Soup version 0.18-a0-1140-g8540535 (webtiles) character file.

74 namelastname112 the Skirmisher (level 4, 0/40 HPs)
             Began as a Draconian Abyssal Knight on Jan 22, 2016.
             Was a Follower of Lugonu.
             Slain by an adder (5 damage)
             ... on level 3 of the Dungeon.
             The game lasted 00:02:14 (866 turns).

namelastname112 the Skirmisher (DrAK)                Turns: 866, Time: 00:02:14

Health: 0/40       AC:  5    Str: 14    XL:     4   Next: 10%
Magic:  6/6        EV: 12    Int: 13    God:    Lugonu [*.....]
Gold:   26         SH:  0    Dex: 11    Spells: 0 memorised, 3 levels left

rFire  . . .     SeeInvis .     a - +1 hand axe
rCold  . . .     Gourm    .     (armour unavailable)
rNeg   . . .     Faith    .     (no shield)
rPois  .         Spirit   .     (helmet restricted)
rElec  .         Dismiss  .     (no cloak)
rCorr  +         Reflect  .     (no gloves)
SustAt .         Harm     .     (no boots)
MR     .....                    (no amulet)
Stlth  +.........               (no ring)
                                h - ring of resist corrosion

@: not resistant to hostile enchantments, very unstealthy
A: unfitting armour, cold-blooded, AC +5
a: Depart the Abyss, Renounce Religion


You were on level 3 of the Dungeon.
You worshipped Lugonu.
Lugonu was aware of your devotion.
You were not hungry.

You visited 1 branch of the dungeon, and saw 3 of its levels.
You visited the Abyss 1 time.

You collected 26 gold pieces.

Inventory:

Hand Weapons
 a - a +1 hand axe (weapon)
Jewellery
 h - a ring of resist corrosion (left hand)
Scrolls
 c - a scroll of identify {unknown}
 e - a scroll of amnesia {unknown}
 g - a scroll of teleportation {unknown}
Potions
 f - 3 potions of curing {unknown}
Comestibles
 b - a bread ration
 i - a beef jerky


   Skills:
 + Level 3.7 Fighting
 * Level 2.8 Axes
 + Level 2.8 Dodging
 * Level 3.0 Invocations


You had 3 spell levels left.
You didn't know any spells.

Dungeon Overview and Level Annotations

Branches:
Dungeon (3/15)

Altars:

Annotations:
D:2 Sigmund


Innate Abilities, Weirdness & Mutations

Your plain brown scales are hard (AC +5).
Your body does not fit into most forms of armour.
You are cold-blooded and may be slowed by cold attacks.


Message History

The adder barely misses you.
You hit the adder.
Your tail-slap misses the adder.
The adder is almost dead.
The adder barely misses you. The adder bites you.
* * * LOW HITPOINT WARNING * * *
You hit the adder but do no damage.
The adder is almost dead.
The adder closely misses you.
You miss the adder.
The adder is almost dead.
You feel sick.
You are no longer poisoned.
The adder bites you but does no damage. The adder barely misses you.
You miss the adder.
The adder is almost dead.
The adder barely misses you.
You closely miss the adder.
The adder is almost dead.
The adder bites you.
You die...

#######
#@S...#
#))...#
#..(..#
#...(>...
#....(.#.
#.....(#
#......#
#.......


You could see an adder.

Vanquished Creatures
  An orc priest (D:3)
  An ooze (D:1)
  A giant gecko (D:1)
  3 orcs (D:3)
  5 goblins
  7 hobgoblins
  4 jackals (D:1)
  2 kobolds
  2 bats (D:1)
  7 giant newts
  2 rats
35 creatures vanquished.

Notes
Turn   | Place    | Note
--------------------------------------------------------------
     0 | Abyss:1  | namelastname112 the Draconian Abyssal Knight began the quest for the Orb.
     0 | Abyss:1  | Reached XP level 1. HP: 19/19 MP: 2/2
     2 | Abyss:1  | Found a corrupted altar of Lugonu.
    82 | Abyss:2  | Found a corrupted altar of Lugonu.
    83 | Abyss:2  | Noticed a wretched star
    83 | D:1      | Escaped the Abyss
   241 | D:1      | Reached * piety under Lugonu
   241 | D:1      | Reached XP level 2. HP: 20/26 MP: 3/3
   456 | D:1      | Reached XP level 3. HP: 25/31 MP: 5/5
   773 | D:2      | Noticed Sigmund
   821 | D:3      | Reached XP level 4. HP: 16/40 MP: 6/6
   866 | D:3      | Slain by an adder

Vault maps used:
D:1:      scummos_arrival_hexagon, kennysheep_doodads
D:2:      grunt_gozag_statues, minmay_misc_feat_chi, nicolae_underground_beach,
          uniq_iyjb, uniq_jessica, uniq_sigmund
D:3:      lemuel_crystal_altar, serial_bayou, serial_bayou_pond_a,
          serial_bayou_shore_a, serial_bayou_pond_e, serial_bayou_pond_c,
          serial_bayou_lagoon_a, serial_bayou_pond_c

Action                   |  1- 3 |  4- 6 || total
-------------------------+-------+-------++-------
Melee: Hand axe          |    81 |    20 ||   101
Throw: Javelin           |     7 |       ||     7
Invok: Depart the Abyss  |     1 |       ||     1
